 Dungeon Crawl Stone Soup version 0.31-a0-152-g6aa68a64a1 (webtiles) character file.

Game seed: 5697570752064797279

163 qw the Chopper (level 5, -1/32 HPs)
             Began as a Gargoyle Fighter on June 10, 2023.
             Killed by divine providence
             ... invoked by an orc priest
              (10 damage)
             ... on level 3 of the Dungeon.
             The game lasted 00:01:31 (2564 turns).

qw the Chopper (Gargoyle Fighter)                   Turns: 2564, Time: 00:01:31

Health: -1/32      AC: 13    Str: 22    XL:     5   Next: 44%
Magic:  5/5        EV:  8    Int:  8    God:
Gold:   186        SH:  0    Dex:  9    Spells: 4/4 levels left

rFire   . . .        Y - +0 war axe
rCold   . . .        c - +0 buckler
rNeg    + . .        i - +0 chain mail
rPois   inf          (no helmet)
rElec   +            (no cloak)
rCorr   .            (no gloves)
SInv    .            (no boots)
Will    .....        (no amulet) Stlth
                     (no ring)
HPRegen 0.25/turn    (no ring)
MPRegen 0.09/turn

%: no passive effects
@: confused
A: sickness immunity, AC +4, negative energy resistance 1, electricity
resistance, torment resistance 1, petrification resistance
a: no special abilities


You were on level 3 of the Dungeon.
You visited 1 branch of the dungeon, and saw 3 of its levels.

You collected 186 gold pieces.


Innate Abilities, Weirdness & Mutations

You are immune to sickness and miasma.
Your stone body is resilient. (AC +4)
You are immune to poison.
You resist negative energy. (rN+)
You are resistant to electric shocks. (rElec)
You are resistant to unholy torment.
You are immune to petrification.


   Skills:
 + Level 3.3 Fighting
 - Level 5.0 Axes
 - Level 3.2 Armour
 - Level 3.2 Shields


You had 4 spell levels left.
You didn't know any spells.
Your spell library was empty.

Inventory:

Hand Weapons
 o - a +0 mace
 Y - a +0 war axe (weapon)
Armour
 c - a +0 buckler (worn)
 i - a +0 chain mail (worn)
Jewellery
 j - a ring of resist corrosion
Scrolls
 a - 3 scrolls of teleportation
 b - 2 scrolls of identify
 n - a scroll of amnesia {unknown}
Potions
 d - a potion of might
 e - a potion of cancellation {unknown}
 f - a potion of brilliance {unknown}
 h - a potion of curing {unknown}
 k - a potion of invisibility {unknown}
 l - a potion of mutation {unknown}
 m - a potion of heal wounds {unknown}

Dungeon Overview and Level Annotations

Branches:
Dungeon (3/15)

Altars:


Message History

The orc priest mumbles some strange prayers to Beogh against you.
Beogh smites you!
You slash the orc!
You kill the orc!
You hit the goblin.
You kill the goblin!
You closely miss something.
You hear some strange, mumbled words.
A magic dart appears from out of thin air!
The magic dart hits you but does no damage.
You closely miss the orc priest. You hit something.
You hear some strange, mumbled words.
You are confused.
The orc priest barely misses you.
You hear some strange, mumbled words.
A puff of flame appears from out of thin air!
The puff of flame hits you but does no damage.
The orc priest hits you with a +0 hand axe.
Something hits you.
The orc priest hits you but does no damage.
You hear some strange, mumbled words.
You are more confused.
The orc priest hits you with a +0 hand axe.
You hear some strange, mumbled words.
You are more confused.
The orc priest hits you but does no damage.
Something hits you but does no damage.
The orc priest looks encouraged for a moment.
An orc wizard appears from thin air!
Reactivating autopickup.
The orc wizard gestures at you while chanting.
You resist with some effort.
The orc priest hits you but does no damage.
The orc wizard points at you and mumbles some strange words.
You are more confused.
The orc priest hits you with a +0 hand axe.
The orc wizard hits you but does no damage.
The orc priest calls down the wrath of Beogh upon you.
Beogh smites you!
You die...

#.....# ############
#[....####### #..........#
#.....##....# #..........#
#.....##....#
#..........#####.....##....##
#..........o@..#.....##....##
#....))%...o)#.#.....##....##
#####)#####.........)##....##
#)# #.........).'....%( #.#
#.##.#####.##[...## #g#
#.##.# #..###.... #.g ..##.#
##.###.###


SB. #####.. #.....# go# #.. ####..### You could see an orc priest and an orc
wizard.

Vanquished Creatures
  An orc wizard (D:3)
  Robin (D:3)
  2 adders (D:2)
  3 worms (D:2)
  A dart slug (D:1)
  5 orcs (D:3)
  8 ball pythons
  5 endoplasms
  8 giant cockroaches
  3 hobgoblins (D:3)
  8 jackals
  3 quokkas
  5 bats (D:1)
  4 frilled lizards
  14 goblins
  10 kobolds
  7 rats
88 creatures vanquished.

Notes
Turn   | Place    | Note
-------+----------+-------------------------------------------
     0 | D:1      | qw the Gargoyle Fighter began the quest for the Orb.
     0 | D:1      | Reached XP level 1. HP: 14/14 MP: 1/1
     0 | D:1      | 0 ||| qw: Version: 0.2-a-29-g8b02136
     0 | D:1      | 0 ||| qw: Game counter: 3814
     0 | D:1      | 0 ||| qw: Always use a shield: true
     0 | D:1      | 0 ||| qw: God list: Okawaru
     0 | D:1      | 0 ||| qw: Allow faded altars: false
     0 | D:1      | 0 ||| qw: Do Orc after D:15 true
     0 | D:1      | 0 ||| qw: Do second Lair branch before Depths: true
     0 | D:1      | 0 ||| qw: Lair rune preference: random
     0 | D:1      | 0 ||| qw: Plans: Normal, Zot:1-4, Slime:5, God:TSO, Crypt,
                  | Tomb, Abyss, Pan, Hells, Win
     0 | D:1      | 0 ||| PLANNING D:1-11
    91 | D:1      | Reached skill level 2 in Axes
   165 | D:1      | 165 ||| Stepping ~*~*~tactically~*~*~ (hiding).
   182 | D:1      | Reached XP level 2. HP: 19/19 MP: 2/2
   204 | D:1      | 204 ||| Stepping ~*~*~tactically~*~*~ (stealth).
   205 | D:1      | 205 ||| Stepping ~*~*~tactically~*~*~ (stealth).
   249 | D:1      | 249 ||| Stepping ~*~*~tactically~*~*~ (hiding).
   508 | D:1      | 508 ||| Stepping ~*~*~tactically~*~*~ (hiding).
   514 | D:1      | Reached skill level 3 in Axes
   532 | D:1      | 532 ||| Stepping ~*~*~tactically~*~*~ (stealth).
   583 | D:1      | 583 ||| Stepping ~*~*~tactically~*~*~ (hiding).
   587 | D:1      | 587 ||| Stepping ~*~*~tactically~*~*~ (hiding).
   592 | D:1      | Reached XP level 3. HP: 23/23 MP: 3/3
   742 | D:1      | 742 ||| Stepping ~*~*~tactically~*~*~ (hiding).
   777 | D:1      | 777 ||| Stepping ~*~*~tactically~*~*~ (hiding).
   961 | D:1      | 961 ||| DROPPING +0 club.
  1180 | D:1      | 1180 ||| UPGRADING to +0 chain mail.
  1190 | D:1      | 1190 ||| DROPPING +0 scale mail.
  1191 | D:1      | 1191 ||| READING scroll labelled FESO PUGOUWNU.
  1192 | D:1      | 1192 ||| READING scroll labelled VICKYSHR NUFUNT.
  1193 | D:1      | 1193 ||| READING scroll labelled SOKEJ DUMEA.
  1197 | D:1      | 1197 ||| READING scroll labelled CEOCRE WYTZURR.
  1198 | D:1      | 1198 ||| DRINKING 2 fuming ruby potions.
  1208 | D:1      | 1208 ||| DROPPING potion of ambrosia.
  1239 | D:2      | You fall into a shaft and drop 1 floor!
  1515 | D:2      | 1515 ||| Stepping ~*~*~tactically~*~*~ (stealth).
  1543 | D:2      | 1543 ||| Stepping ~*~*~tactically~*~*~ (hiding).
  1604 | D:2      | 1604 ||| Stepping ~*~*~tactically~*~*~ (stealth).
  1605 | D:2      | 1605 ||| Stepping ~*~*~tactically~*~*~ (stealth).
  1606 | D:2      | 1606 ||| Stepping ~*~*~tactically~*~*~ (stealth).
  1637 | D:2      | Reached XP level 4. HP: 24/28 MP: 4/4
  1725 | D:2      | Reached skill level 4 in Axes
  2075 | D:2      | 2075 ||| DROPPING ring of flight.
  2076 | D:2      | 2076 ||| READING scroll labelled SAPHU LUNNU.
  2195 | D:3      | 2195 ||| Stepping ~*~*~tactically~*~*~ (stealth).
  2446 | D:3      | 2446 ||| Stepping ~*~*~tactically~*~*~ (stealth).
  2448 | D:3      | 2448 ||| Stepping ~*~*~tactically~*~*~ (stealth).
  2479 | D:3      | 2479 ||| DROPPING +0 whip.
  2506 | D:3      | 2506 ||| Stepping ~*~*~tactically~*~*~ (stealth).
  2508 | D:3      | 2508 ||| Stepping ~*~*~tactically~*~*~ (stealth).
  2512 | D:3      | Identified the +0 helmet "Urau" {rC++ Int-3}
  2512 | D:3      | Noticed Robin
  2523 | D:3      | Killed Robin
  2524 | D:3      | Reached XP level 5. HP: 23/32 MP: 5/5
  2532 | D:3      | 2532 ||| Stepping ~*~*~tactically~*~*~ (hiding).
  2533 | D:3      | 2533 ||| Stepping ~*~*~tactically~*~*~ (hiding).
  2535 | D:3      | 2535 ||| FLEEEEING.
  2536 | D:3      | 2536 ||| FLEEEEING.
  2537 | D:3      | 2537 ||| FLEEEEING.
  2538 | D:3      | 2538 ||| FLEEEEING.
  2539 | D:3      | 2539 ||| FLEEEEING.
  2554 | D:3      | Reached skill level 5 in Axes
  2564 | D:3      | Killed from afar by an orc priest

Levels and vault maps discovered:
D:1:      ncdulo_halloftheorcs, layout_loops_cross, minmay_fountain_box,
          minmay_three_crescents
D:2:      layout_rooms
D:3:      layout_basic, dreamdust_princess_bridge, nicolae_titane, uniq_robin

Skill      XL: |  1  2  3  4  5 |
---------------+----------------+-----
Axes           | 2 3 4 5 |  5.0
Fighting       | |  3.3
Armour         | |  3.2
Shields        | |  3.2

Action                     |  1- 3 |  4- 6 || total
---------------------------+-------+-------++-------
  Melee: War axe           |   122 |    88 ||   210
  Throw: Boomerang         |    15 |       ||    15
    Use: Scroll            |     4 |     1 ||     5
         Potion            |     1 |       ||     1
 Armour: Scale mail        |    52 |       ||    52
         Chain mail        |    18 |    64 ||    82
  Dodge: Dodged            |    44 |    25 ||    69
  Block: Buckler           |    25 |    14 ||    39

Table legend:
 A = Non-vault XP
 B = Vault XP
 C = Vault XP percentage of total XP
 D = Non-vault monster count
 E = Vault monster count
 F = Vault count percentage of total count
                 A         B        C        D         E       F
            +---------+---------+-------+---------+---------+-------
      Total |     188 |      45 |  19.3 |      70 |      18 |  20.5
            +---------+---------+-------+---------+---------+-------
        D:1 |      47 |       9 |  16.1 |      29 |       6 |  17.1
        D:2 |      67 |       0 |   0.0 |      21 |       0 |   0.0
        D:3 |      74 |      36 |  32.7 |      20 |      12 |  37.5
            +---------+---------+-------+---------+---------+-------
